 Dungeon Crawl Stone Soup version 0.28.0-53-g5a82cb258f (webtiles) character file.

Game seed: 1557962186276968526

1684 daleorion the Cleaver (level 8, -1/70 HPs)
             Began as a Minotaur Fighter on Aug 25, 2022.
             Slain by an ogre
             ... wielding a +0 giant club
              (18 damage)
             ... on level 6 of the Dungeon.
             The game lasted 00:05:44 (4208 turns).

daleorion the Cleaver (Minotaur Fighter)            Turns: 4208, Time: 00:05:45

Health: -1/70      AC: 11    Str: 22    XL:     8   Next: 71%
Magic:  7/7        EV: 10    Int:  5    God:
Gold:   381        SH:  5    Dex: 11    Spells: 7/7 levels left

rFire   . . .      SeeInvis .   a - +1 war axe
rCold   . . .      Faith    .   c - +0 buckler
rNeg    . . .      Spirit   .   b - +0 scale mail
rPois   +          Reflect  .   (helmet restricted)
rElec   .          Harm     .   j - +0 cloak
rCorr   .          Rampage  .   f - +1 pair of gloves
Will    .....                   (no boots)
Stlth   ..........              (no amulet)
HPRegen 0.21/turn               e - ring of poison resistance
MPRegen 0.10/turn               (no ring)

@: mighty
A: horns 2, retaliatory headbutt
a: no special abilities


You were on level 6 of the Dungeon.
You visited 1 branch of the dungeon, and saw 6 of its levels.

You collected 381 gold pieces.

Inventory:

Hand Weapons
 a - a +1 war axe (weapon)
Armour
 b - a +0 scale mail (worn)
 c - a +0 buckler (worn)
 f - a +1 pair of gloves (worn)
 j - a +0 cloak (worn)
Jewellery
 e - a ring of poison resistance (left hand)
Wands
 p - a wand of flame (13)
Scrolls
 g - 3 scrolls of teleportation
 h - a scroll of enchant armour
 i - 5 scrolls of identify
 k - 3 scrolls of fog
 m - a scroll of enchant weapon
 q - a scroll of amnesia {unknown}
Potions
 d - 2 potions of might
 l - a potion of brilliance
 n - a potion of flight {unknown}
 o - a potion of haste {unknown}


   Skills:
 + Level 6.3 Fighting
 + Level 9.3 Axes
 + Level 7.0 Armour
 + Level 3.0 Dodging
 + Level 0.4 Stealth
 + Level 5.7 Shields


You had 7 spell levels left.
You didn't know any spells.
Your spell library contained the following spells:

 Spells                   Type           Power      Damage    Failure   Level
 Magic Dart               Conj           0%         1d3       86%         1
 Pain                     Necr           0%         1d4       86%         1
 Call Imp                 Summ           0%         N/A       94%         2
 Mephitic Cloud           Conj/Pois/Air  0%         N/A       99%         3
 Agony                    Necr           0%         N/A       100%        5
 Excruciating Wounds      Necr           0%         N/A       100%        5


Dungeon Overview and Level Annotations

Branches:
Dungeon (6/15)
 Temple: D:4-7

Altars:

Shops:
D:3 =


Innate Abilities, Weirdness & Mutations

You have a pair of horns on your head.
You reflexively headbutt those who attack you in melee.


Message History

Things that are here:
a +0 hand axe; 15 stones; a +0 leather armour You now have 381 gold pieces (gained 6).
Found 2 poisoned darts.
You see here 13 arrows.
You see here 2 poisoned darts.
Key pressed, stopping explore.
Menkaure, Prince of Dust comes into view.
Menkaure shouts!
Menkaure is nearby!
Found a stone staircase leading down.
An orc comes into view. It is wielding a +0 mace.
Menkaure mumbles, "It doesn't hurt if you pull your brain out of your nose yourself."
The orc shouts!
You hear a shout!
An orc comes into view. It is wielding a +0 trident.
The orc wizard falls through a shaft!
The shaft crumbles and collapses.
You hear a shout!
Found a spear.
Menkaure casts a spell.
Menkaure seems to speed up.
An ogre comes into view. It is wielding a +0 giant club.
You hit Menkaure but do no damage.
Menkaure calls on the powers of darkness!
Your body is wracked with pain!
The ogre convulses!
The orc convulses! x2
You slash Menkaure! You headbutt Menkaure!
Menkaure is almost destroyed.
Menkaure barely misses you. Menkaure casts a spell at you.
You struggle to resist.
The ogre hits you with a +0 giant club!!
* * * LOW HITPOINT WARNING * * *
You slash Menkaure!
You destroy Menkaure!
You barely miss the ogre.
Your Armour skill increases to level 7!
Your Dodging skill increases to level 3!
You feel very mighty all of a sudden. The orc hits you but does no damage.
The ogre hits you with a +0 giant club!!
You die...

#..................####......##..
#.#####.........####..(......##..
#............)....##.###.....#...
#######....)))..#..........##....
#.........######.....(.....
#.........#####..######....
###########.....## #....
##..##### ###.... #O@## #.....)
......o## #..##... )....o# ....
##.. ..>... #... ..# .....# ....
..). ..... #.. ..... ..... .....#
#### ......


You could see an ogre and 2 orcs.

Vanquished Creatures
  Grinder (D:3)
  Menkaure (D:6)
  A black bear (D:4)
  An ogre (D:6)
  2 necrophages
  A centaur (D:5)
  A kobold brigand (D:4)
  5 scorpions
  A water moccasin zombie (D:5)
  A jelly (D:4)
  2 orc priests
  5 hounds
  4 orc wizards
  A killer bee zombie (D:5)
  A hound skeleton (D:3)
  4 gnolls (D:4)
  5 adders
  A white imp (D:4)
  An ufetubus (D:4)
  A worm (D:4)
  2 dart slugs
  13 orcs
  5 ball pythons
  6 endoplasms
  2 giant cockroaches
  3 goblins
  4 hobgoblins
  3 jackals (D:3)
  4 kobolds
  3 quokkas (D:2)
  4 bats
  A rat (D:1)
90 creatures vanquished.

Vanquished Creatures (others)
  12 fungi (D:3)
  4 toadstools (D:3)
16 creatures vanquished.

Grand Total: 106 creatures vanquished

Notes
Turn   | Place    | Note
-------+----------+-------------------------------------------
     0 | D:1      | daleorion the Minotaur Fighter began the quest for the Orb.
     0 | D:1      | Reached XP level 1. HP: 19/19 MP: 0/0
   225 | D:1      | Reached XP level 2. HP: 27/27 MP: 1/1
   989 | D:2      | Reached skill level 3 in Axes
   989 | D:2      | Reached XP level 3. HP: 33/33 MP: 2/2
  1162 | D:3      | Found Eroifim's Jewellery Emporium.
  1206 | D:3      | Noticed Grinder
  1222 | D:3      | Killed Grinder
  1223 | D:3      | Reached skill level 4 in Axes
  1223 | D:3      | Reached XP level 4. HP: 41/41 MP: 3/3
  1223 | D:3      | Reached XP level 5. HP: 47/47 MP: 4/4
  1274 | D:3      | Reached skill level 5 in Axes
  1278 | D:3      | Reached skill level 1 in Dodging
  1298 | D:3      | Reached XP level 6. HP: 45/55 MP: 5/5
  1431 | D:3      | Reached skill level 5 in Fighting
  1655 | D:3      | Reached skill level 5 in Armour
  2028 | D:4      | Reached skill level 6 in Axes
  2028 | D:4      | Reached skill level 5 in Shields
  2244 | D:4      | Reached XP level 7. HP: 53/61 MP: 6/6
  2840 | D:4      | Reached skill level 7 in Axes
  3118 | D:5      | Entered Level 5 of the Dungeon
  3355 | D:5      | Reached skill level 8 in Axes
  3355 | D:5      | Reached XP level 8. HP: 64/69 MP: 7/7
  4089 | D:6      | Reached skill level 9 in Axes
  4200 | D:6      | Noticed Menkaure
  4207 | D:6      | Killed Menkaure
  4208 | D:6      | Slain by an ogre

Illustrated notes

Levels and vault maps discovered:
D:1:      giann_wishing_wells, layout_basic
D:2:      layout_rooms
D:3:      layout_basic, serial_shops, nicolae_diamond_shop,
          minmay_gold_behind_fungi, uniq_grinder
D:4:      layout_cave_pools, minmay_misc_feat_doors
D:5:      layout_basic, serial_rivers, chequers_serial_rivers_micro_e,
          chequers_serial_rivers_room_b, chequers_serial_rivers_small_3,
          chequers_serial_rivers_micro_e, chequers_serial_rivers_micro_e,
          chequers_serial_rivers_small_3
D:6:      layout_rooms, hangedman_decor_riveting, uniq_menkaure

Skill      XL: |  1  2  3  4  5  6  7  8 |
---------------+-------------------------+-----
Armour         | 4 5 6 7 |  7.0
Shields        | 4 5 |  5.7
Fighting       | 4 5 6 |  6.3
Axes           | 3 4 5 6 8 9 |  9.3
Dodging        | 1 2 3 |  3.0
Stealth        | |  0.4

Action                   |  1- 3 |  4- 6 |  7- 9 || total
-------------------------+-------+-------+-------++-------
Melee: War axe           |    37 |    67 |   102 ||   206
       Headbutt          |     4 |     9 |    20 ||    33
  Use: Scroll            |     4 |     2 |       ||     6
       Potion            |       |       |     1 ||     1
Armor: Scale mail        |    17 |    36 |    53 ||   106
Dodge: Dodged            |    23 |    40 |    69 ||   132
Block: Buckler           |     8 |    18 |    27 ||    53
